 Dungeon Crawl Stone Soup version 0.27-a0-1065-ge809cff456 (webtiles) character file.

Game seed: 10317308669514332530

49 voltaire321 the Skirmisher (level 3, -2/31 HPs)
             Began as a Palentonga Fighter on Apr 23, 2021.
             Slain by a gnoll
             ... wielding a +0 halberd
              (9 damage)
             ... on level 2 of the Dungeon.
             The game lasted 00:04:14 (1041 turns).

voltaire321 the Skirmisher (Palentonga Fighter)     Turns: 1041, Time: 00:04:14

Health: -2/31      AC:  7    Str: 19    XL:     3   Next: 51%
Magic:  3/3        EV:  5    Int:  8    God:
Gold:   34         SH:  8    Dex: 10    Spells: 2/2 levels left

rFire    . . .     SeeInvis +   a - +0 war axe
rCold    . . .     Faith    .   c - +0 kite shield
rNeg     . . .     Spirit   .   b - +0 scale mail
rPois    .         Reflect  .   (no helmet)
rElec    .         Harm     .   f - +0 cloak
rCorr    .         Rampage  .   (no gloves)
Will     .....                  (no barding)
Stlth    ..........             (no amulet)
HPRegen  0.10/turn              (no ring)
MPRegen  0.08/turn              (no ring)

@: no status effects
A: large, rugged brown scales 3, see invisible, deformed body, roll 1, armoured
tail
a: Rolling Charge


You were on level 2 of the Dungeon.
You visited 1 branch of the dungeon, and saw 2 of its levels.

You collected 34 gold pieces.

Inventory:

Hand Weapons
 a - a +0 war axe (weapon)
Armour
 b - a +0 scale mail (worn)
 c - a +0 kite shield (worn)
 f - a +0 cloak (worn)
Jewellery
 k - a ring of wizardry
Scrolls
 h - 2 scrolls of immolation {unknown}
 i - a scroll of noise {unknown}
Potions
 d - a potion of might
 e - a potion of attraction {unknown}
 g - a potion of lignification {unknown}
 j - a potion of ambrosia {unknown}


   Skills:
 + Level 3.4 Fighting
 + Level 2.7 Axes
 + Level 2.7 Armour
 + Level 2.7 Shields


You had 2 spell levels left.
You didn't know any spells.
Your spell library was empty.

Dungeon Overview and Level Annotations

Branches:
Dungeon (2/15)

Altars:


Innate Abilities, Weirdness & Mutations

You are completely covered in rugged brown scales. (AC +3, +7% HP)
You have supernaturally acute eyesight. (SInv)
Armour fits poorly on your strangely shaped body.
You can roll at nearby foes to attack.
You have a long armoured tail.


Message History

You feel agile.
You see here a rat corpse.
A gnoll comes into view. It is wielding a +0 club.
The gnoll shouts!
You hear an angry hiss.
A ball python comes into view.
A gnoll comes into view.
It is wielding a +0 flail. 2 gnolls come into view.
The gnoll shouts! x3
The gnoll throws a throwing net.
The throwing net hits you.
You become entangled in the net!
You see here a throwing net.
You struggle against the net.
You struggle against the net.
The gnoll hits you but does no damage.
You struggle against the net.
The gnoll hits you from afar with a +0 halberd.
A rat comes into view.
The ball python bites you but does no damage.
The gnoll hits you but does no damage.
You rip the net and break free!
The gnoll hits you from afar with a +0 halberd!
You block the ball python's attack. The gnoll barely misses you.
You barely miss the gnoll.
Your tail-slap misses the gnoll.
You hit the ball python.
You kill the ball python!
The gnoll hits you from afar with a +0 halberd.
You block the gnoll's attack. x2; The gnoll hits you with a +0 flail!
You see here a rat corpse.
You slash the gnoll!
The gnoll is almost dead.
You block the gnoll's attack. The gnoll barely misses you.
You hit the gnoll.
You kill the gnoll!
The gnoll hits you with a +0 flail.
* * * LOW HITPOINT WARNING * * *
You slash the gnoll!
You kill the gnoll!
The rat bites you but does no damage. You block the gnoll's attack.
You barely miss the rat. You block the rat's attack.
The gnoll hits you from afar with a +0 halberd!
You die...

#.........
#.........
#.........
#.........
##.........
+..g...r...
#g# #r# #@#
#.# #.# #.#
#.# #.# #.#
#.# #.#


You could see 2 gnolls and a rat.

Vanquished Creatures
  2 gnolls (D:2)
  2 dart slugs (D:1)
  A bat (D:2)
  2 endoplasms (D:1)
  A giant cockroach (D:1)
  4 hobgoblins (D:1)
  2 jackals (D:1)
  2 quokkas (D:1)
  A ball python (D:2)
  2 goblins (D:1)
  3 kobolds (D:1)
  2 rats
24 creatures vanquished.

Notes
Turn   | Place    | Note
-------+----------+-------------------------------------------
     0 | D:1      | voltaire321 the Palentonga Fighter began the quest for the
                  | Orb.
     0 | D:1      | Reached XP level 1. HP: 19/19 MP: 1/1
    69 | D:1      | Found a faded altar of an unknown god.
   221 | D:1      | Reached XP level 2. HP: 14/25 MP: 2/2
  1028 | D:2      | Reached XP level 3. HP: 31/31 MP: 3/3
  1041 | D:2      | Slain by a gnoll

Illustrated notes

Levels and vault maps discovered:
D:1:      noname_arrival_rooms_in_the_neighbourhood, layout_loops_ring,
          hellmonk_ecumenical_altar_prayer_group
D:2:      layout_basic

Action                   || total
-------------------------++-------
Melee: War axe           ||    68
       Tailslap          ||     4
Armor: Scale mail        ||    37
Dodge: Dodged            ||    11
Block: Kite shield       ||    35

Table legend: (Time is in decaauts)
 A = Elapsed time spent in this place.
 B = Non-inter-level travel time spent in this place.
 C = Inter-level travel time spent in this place.
 D = Time resting spent in this place.
 E = Time spent auto-exploring this place.
 F = Levels seen in this place.
 G = Mean time per level.
                   A        B        C        D        E       F      G
               +--------+--------+--------+--------+--------+-----+--------+
         Total |   1080 |   1045 |     35 |    134 |    676 |   2 |  540.0 |
       Dungeon |   1080 |   1045 |     35 |    134 |    676 |   2 |  540.0 |
               +--------+--------+--------+--------+--------+-----+--------+

Top non-repeatable levels by time:
     D:1: 1017 daAuts
     D:2: 62 daAuts
